 Dungeon Crawl Stone Soup version 0.22.1-2-g9c5b331 (webtiles) character file.

63 MalarOregon the Ducker (level 4, 0/48 HPs)
             Began as a Merfolk Wizard on Nov 23, 2018.
             Succumbed to an adder's poison
             ... on level 3 of the Dungeon.
             The game lasted 00:05:13 (2136 turns).

MalarOregon the Ducker (Merfolk Wizard)             Turns: 2136, Time: 00:05:13

Health: 0/48       AC: 22    Str:  4 (7)  XL:     4   Next: 10%
Magic:  8/8        EV:  2    Int: 15 (18) God:
Gold:   54         SH:  0    Dex: 14 (17) Spells: 6/9 levels left

rFire    . . .     SeeInvis .   f - +0 dagger
rCold    . . .     Gourm    .   (no shield)
rNeg     + + +     Faith    .   (armour currently unavailable)
rPois    +         Spirit   .   (helmet currently unavailable)
rElec    .         Reflect  .   (cloak currently unavailable)
rCorr    .         Harm     .   (gloves currently unavailable)
MR       .....     NoTele   +   (boots currently unavailable)
Stlth    +++.......             (no amulet)
HPRegen  0.16/turn              (no ring)
MPRegen  0.11/turn              (no ring)

@: agile, lethally poisoned (0 -> -1), tree-form
A: (change form in water), (swift swim), (stealthy swim)
a: no special abilities


You were on level 3 of the Dungeon.
You were not hungry.
You were a tree.
You visited 1 branch of the dungeon, and saw 3 of its levels.

You collected 54 gold pieces.

Inventory:

Hand Weapons
 f - a +0 dagger (weapon)
   (You took it off a goblin on level 1 of the Dungeon)
Missiles
 m - a throwing net {!f}
 o - 3 javelins (quivered)
Armour
 a - a +0 robe (melded)
 b - a +0 hat (melded)
Scrolls
 c - 2 scrolls of identify {unknown}
 d - a scroll of amnesia {unknown}
 h - a scroll of blinking {unknown}
 i - 3 scrolls of enchant armour {unknown}
 j - a scroll of remove curse {unknown}
 l - a scroll of teleportation {unknown}
 p - 2 scrolls of enchant weapon {unknown}
Comestibles
 e - 9 rations {!d}


   Skills:
 + Level 1.4 Fighting
 + Level 1.4 Short Blades
 + Level 3.3 Dodging
 + Level 2.8 Stealth
 + Level 3.2 Spellcasting
 + Level 1.4 Conjurations
 - Level 1.0 Summonings
   Level 0.7 Translocations


You had 6 spell levels left.
You knew the following spells:

 Your Spells              Type           Power        Failure   Level  Hunger
a - Magic Dart            Conj           #...         11%         1    #......
x - Call Imp              Summ           #.......     21%         2    ##.....

Your spell library contained the following spells:

 Spells                   Type           Power        Failure   Level  Hunger
 Blink                    Tloc           N/A          22%         2    ##.....
 Slow                     Hex            #.......     30%         2    ##.....
 Conjure Flame            Conj/Fire      #.......     41%         3    ###....
 Mephitic Cloud           Conj/Pois/Air  #.......     43%         3    ###....


Dungeon Overview and Level Annotations

Branches:
Dungeon (3/15)

Altars:


Message History

You closely miss the orc. The orc hits you.
* * * LOW HITPOINT WARNING * * *
The adder closely misses your crimson imp.
Your crimson imp blinks!
The adder bites you.
* * * LOW HITPOINT WARNING * * *
You are poisoned.
The adder poisons you! The orc misses you.
You don't know that spell.
You don't have enough magic to cast that spell.
You barely miss the orc.
You feel sick.
Your crimson imp blinks!
Your crimson imp hits the orc.
The adder closely misses you.
You hit the adder but do no damage. The orc misses you.
Your crimson imp blinks!
The adder closely misses you.
A beastly little devil appears in a puff of flame.
The orc barely misses you. The adder bites you.
* * * LOW HITPOINT WARNING * * *
Your crimson imp hits the adder.
You hit the adder but do no damage.
Your crimson imp disappears in a puff of smoke!
The adder completely misses you. The orc hits you.
* * * LOW HITPOINT WARNING * * *
Your crimson imp closely misses the adder.
Your magical contamination has completely faded away.
You hit the adder.
You feel sick. The adder bites you.
* * * LOW HITPOINT WARNING * * *
Your crimson imp hits the orc but does no damage.
The orc barely misses you. The adder barely misses you.
Your crimson imp misses the adder.
It was a potion of agility.
You feel agile all of a sudden.
Your crimson imp barely misses the orc.
The orc completely misses you. The adder closely misses you.
Your crimson imp barely misses the adder.
It was a potion of degeneration.
There was something very wrong with that liquid.
You feel weakened.
You feel dopey.
You feel clumsy.
Your crimson imp blinks!
The adder closely misses you. The orc closely misses you.
Your crimson imp blinks!
It was a potion of lignification.
You turn into a tree.
Your +0 hat melds into your body.
Your +0 robe melds into your body.
Your roots penetrate the ground.
The adder bites you but does no damage. The orc hits you but does no damage.
Your crimson imp blinks!
The adder bites you but does no damage.
It was a potion of magic.
Magic courses through your body.
You die...

.# #.## ... ..#
#### ..# ... ..#
######.######..#
.......<.§S♣oo.#
.#####5######o##
#. .# #. o. #.
... ## ....
#..## #.#


You could see an adder, 3 orcs and a friendly crimson imp.

Vanquished Creatures
  4 gnolls
  A dart slug (D:1)
  2 giant cockroaches
  3 goblins
  4 hobgoblins
  3 bats
  4 frilled lizards
  2 kobolds (D:1)
  2 rats
25 creatures vanquished.

Vanquished Creatures (collateral kills)
  An adder (D:3)
1 creature vanquished.

Grand Total: 26 creatures vanquished

Notes
Turn   | Place    | Note
-------+----------+-------------------------------------------
     0 | D:1      | MalarOregon the Merfolk Wizard began the quest for the Orb.
     0 | D:1      | Reached XP level 1. HP: 13/13 MP: 4/4
   319 | D:1      | Reached XP level 2. HP: 20/20 MP: 0/6
   337 | D:1      | Reached skill level 1 in Conjurations
  1146 | D:1      | Reached skill level 1 in Fighting
  1146 | D:1      | Reached XP level 3. HP: 22/26 MP: 5/7
  1389 | D:1      | Reached skill level 1 in Short Blades
  1668 | D:1      | Learned a level 2 spell: Call Imp
  1945 | D:2      | Found a faded altar of an unknown god.
  2058 | D:2      | Reached XP level 4. HP: 32/32 MP: 4/8
  2132 | D:3      | HP: 1/32 [adder (4)]
  2136 | D:3      | Succumbed to an adder's poison

Skill      XL: |  1  2  3 |
---------------+----------+-----
Conjurations   | 1 |  1.4
Dodging        | 3 |  3.3
Fighting       | 1 |  1.4
Short Blades   | 1 |  1.4
Stealth        | |  2.8
Spellcasting   | |  3.2
Summonings     | |  1.0
Translocations | |  0.7

Action                   |  1- 3 |  4- 6 || total
-------------------------+-------+-------++-------
Melee: Unarmed           |     3 |       ||     3
       Dagger            |    51 |     8 ||    59
Throw: Javelin           |     3 |       ||     3
 Cast: Magic Dart        |    38 |     1 ||    39
       Call Imp          |     3 |     5 ||     8
  Use: Potion            |       |     4 ||     4
 Stab: Sleeping          |     2 |     1 ||     3
  Eat: Chunk             |     3 |     1 ||     4
Armor: Robe              |     4 |     2 ||     6
       Skin              |       |     3 ||     3
Dodge: Dodged            |    35 |    20 ||    55
